AoeStats
← Dropkick Goose

Arabia

509986546Analyzed
1v1 RM · 4d ago on Sep 28, 2026· 34m 22s· 2 players
Game mode
Random Map
Map size
Tiny (2 player)
Population
200
Speed
Normal
Resources
Standard
Victory
Conquest
Starting age
Dark Age
Ending age
Imperial Age
RankedLock teamsTeams togetherTeam positionsShared explorationLock speedFull tech treeHidden civsTurbo modeCheats
Victory
Defeat
🇧🇴 Persians · Bolivia
884
+16
🇺🇸 Lithuanians · United States
891
-38
OscarNassir
5:20 Loom
16:54 Feudal Age
17:13 Town Watch
18:06 Wheelbarrow
24:06 Double-Bit Axe
30:30 Castle Age
31:13 Elite Skirmisher
31:58 Thumb Ring
33:12 Fletching
33:22 Padded Archer Armor
Dropkick Goose
5:36 Loom
14:00 Feudal Age
17:34 Double-Bit Axe
21:56 Man-at-Arms
23:21 Horse Collar
24:43 Arson
29:59 Wheelbarrow
Connection lost

Rejoining the realm…

Still unreachable

The connection could not be restored.

Session expired

The server has moved on; the page needs a fresh start.